[Event "Titled Tuesday Blitz December 06 Late 2022"]
[White "Potapova, Margarita"]
[Black "Stanisz, Patryk"]
[WhiteFideId "14126869"]
[BlackFideId "1123106"]
[WhiteElo "2273"]
[BlackElo "2069"]
[Result "1-0"]
[Round "04"]
[TimeControl "180+1"]
[Date "2022.12.07"]
[WhiteClock "0:01:53"]
[BlackClock "0:00:05"]

1. d4 d5 2. Bf4 Nf6 3. e3 c5 4. dxc5 Nc6 5. Bb5 g5 6. Be5 Bg7 7. Nf3 g4 8. Nd4 Bd7 9. Nxc6 bxc6 10. Be2 Qa5+ 11. c3 Qxc5 12. O-O h5 13. Nd2 h4 14. Bxf6 Bxf6 15. Bxg4 Qd6 16. Bxd7+ Qxd7 17. e4 Rg8 18. Kh1 O-O-O 19. Qe2 e6 20. a4 Rg6 21. Ra3 Rdg8 22. Rg1 Be7 23. Rb3 Bd6 24. Qa6+ Kd8 25. Rb7 Bc7 26. Nf3 dxe4 27. Ne5 Rxg2 28. Rf1 Rxh2+ 29. Kxh2 Bxe5+ 30. Kh1 Bc7 31. Qe2 Qd6 32. Rd1 1-0


[Site "https://www.chess.com"]

[Event "Titled Tuesday Blitz December 06 Late 2022"]
[White "Putnam, Liam"]
[Black "Vlassov, Nikolai"]
[WhiteFideId "30938279"]
[BlackFideId "4103360"]
[WhiteElo "2735"]
[BlackElo "2557"]
[Result "0-1"]
[Round "04"]
[TimeControl "180+1"]
[Date "2022.12.07"]
[WhiteClock "0:00:06"]
[BlackClock "0:00:08"]

1. d4 Nf6 2. c4 Nc6 3. Nf3 e6 4. a3 g6 5. Nc3 Bg7 6. e4 d5 7. e5 Ne4 8. Bd3 Nxc3 9. bxc3 dxc4 10. Bxc4 Na5 11. Bd3 Bd7 12. Bg5 Qc8 13. h4 h6 14. Be3 c5 15. h5 g5 16. dxc5 Qc7 17. Bd4 Bc6 18. Rb1 O-O-O 19. O-O g4 20. Nd2 Bxe5 21. Ne4 Bxd4 22. Nd6+ Rxd6 23. cxd6 Qxd6 24. cxd4 g3 25. Bb5 Bd5 26. Qe1 Nc6 27. Bxc6 Bxc6 28. Qa5 Qxd4 29. Rb4 gxf2+ 30. Rxf2 Qe3 31. Rc4 Rd8 32. Rf4 Rd1+ 33. Kh2 Qc1 34. Qe5 Rh1+ 35. Kg3 Qxa3+ 36. R2f3 Bxf3 37. Qh8+ Kc7 38. Rxf7+ Kb6 39. Qd8+ Ka6 40. Rxf3 Qb4 41. Qd3+ b5 42. Rf4 Qe1+ 43. Rf2 Qe5+ 44. Kf3 Ra1 45. Re2 Qf6+ 46. Kg3 Qg5+ 47. Kf2 Qf4+ 48. Qf3 Qxf3+ 49. gxf3 b4 50. Rxe6+ Kb5 51. Rxh6 b3 52. Rh8 a5 53. h6 Rh1 54. Kg2 Rh5 55. h7 Ka4 56. Kg3 Ka3 57. Kg4 Rh1 58. f4 b2 59. Rb8 Rxh7 60. f5 a4 61. Kg5 Ka2 62. Kg6 Rh1 63. f6 Rg1+ 64. Kh7 Rf1 65. Kg7 b1=Q 66. Rxb1 Kxb1 67. f7 a3 68. f8=Q Rxf8 69. Kxf8 a2 0-1


[Site "https://www.chess.com"]

[Event "Titled Tuesday Blitz December 06 Late 2022"]
[White "Quesada Perez, Yuniesky"]
[Black "Sadhwani, Raunak"]
[WhiteFideId "3504409"]
[BlackFideId "35093487"]
[WhiteElo "2600"]
[BlackElo "2657"]
[Result "1-0"]
[Round "04"]
[TimeControl "180+1"]
[Date "2022.12.06"]
[WhiteClock "0:00:01"]
[BlackClock "0:00:01"]

1. e4 c6 2. d4 d5 3. e5 Bf5 4. Nd2 e6 5. Nb3 Nd7 6. Nf3 a6 7. Be2 c5 8. O-O c4 9. Nbd2 Ne7 10. c3 Nc6 11. Re1 b5 12. Nf1 Be7 13. Ne3 Bg6 14. g3 O-O 15. Ng2 b4 16. Nf4 Bf5 17. Bd2 bxc3 18. Bxc3 Qb6 19. h4 h6 20. Nh2 Na7 21. Bg4 Be4 22. a4 Rfd8 23. Nf3 Nc6 24. Nd2 Bh7 25. Nf1 Nb4 26. Ne3 Nd3 27. Nexd5 exd5 28. Nxd5 Qb7 29. Nxe7+ Kf8 30. Bf3 Qb3 31. Qxb3 cxb3 32. Bxa8 Rxa8 33. Nc6 Rc8 34. d5 Nxe1 35. Rxe1 Nb6 36. Rd1 Nxa4 37. Bb4+ Ke8 38. e6 fxe6 39. d6 Nb6 40. Ne7 Rc4 41. Ba3 Nd7 42. Re1 Ra4 43. Re2 Bc2 44. Nc6 Rxa3 45. Rxe6+ 1-0


[Site "https://www.chess.com"]

[Event "Titled Tuesday Blitz December 06 Late 2022"]
[White "Quizon, Daniel"]
[Black "Korobov, Anton"]
[WhiteFideId "5217911"]
[BlackFideId "14105730"]
[WhiteElo "2385"]
[BlackElo "2635"]
[Result "0-1"]
[Round "04"]
[TimeControl "180+1"]
[Date "2022.12.06"]
[WhiteClock "0:01:02"]
[BlackClock "0:00:35"]

1. c4 e6 2. e3 d5 3. Qc2 Nf6 4. Nf3 c5 5. d3 Nc6 6. a3 Be7 7. Be2 O-O 8. O-O b6 9. Nbd2 Bb7 10. Re1 e5 11. cxd5 Nxd5 12. b3 Qc7 13. Bb2 Rfd8 14. h3 Rac8 15. Rac1 a5 16. Qb1 Qb8 17. Qa1 f6 18. Bd1 Bf8 19. Bc2 Kh8 20. Qb1 g6 21. d4 cxd4 22. exd4 exd4 23. Bxg6 hxg6 24. Qxg6 Qc7 25. Re4 Rd7 26. Bxd4 Rg7 27. Qh5+ Rh7 28. Qxd5 Qg7 29. Rg4 Nxd4 30. Rxc8 Bxd5 31. Rxg7 Nxf3+ 32. Nxf3 Kxg7 33. Nd4 Bc5 34. Nf5+ Kg6 35. Ng3 Re7 36. h4 Re1+ 37. Kh2 Bxf2 38. h5+ Kg5 39. h6 Bg1+ 40. Kh3 Be6+ 0-1


[Site "https://www.chess.com"]

[Event "Titled Tuesday Blitz December 06 Late 2022"]
[White "Radovanovic, Dusan"]
[Black "Ferreira, Vitor Hugo Vieira"]
[WhiteFideId "926868"]
[BlackFideId "2119765"]
[WhiteElo "2337"]
[BlackElo "2146"]
[Result "1-0"]
[Round "04"]
[TimeControl "180+1"]
[Date "2022.12.07"]
[WhiteClock "0:00:08"]
[BlackClock "0:00:52"]

1. e4 c6 2. d4 d5 3. e5 Bf5 4. h4 h6 5. g4 Bd7 6. Nc3 e6 7. Be3 a6 8. h5 c5 9. dxc5 Qc7 10. Nf3 Bxc5 11. Bxc5 Qxc5 12. Qd2 Ne7 13. O-O-O Nbc6 14. Bd3 b5 15. Qf4 b4 16. Ne2 a5 17. Kb1 a4 18. Ned4 a3 19. Nb3 Qa7 20. Qe3 axb2 21. Qxa7 Rxa7 22. Kxb2 O-O 23. g5 Rfa8 24. Nc1 hxg5 25. Rdg1 f6 26. h6 Nf5 27. hxg7 Kxg7 28. Bxf5 exf5 29. exf6+ Kxf6 30. Rxg5 Ra3 31. Rh6+ Ke7 32. Rg7+ Kd8 33. Nb3 Rxa2+ 34. Kc1 Be8 35. Rd6+ Kc8 36. Nfd4 R8a7 37. Rg8 Kc7 38. Nb5+ Kb6 39. Nxa7 Bf7 40. Rc8 Rxa7 41. Rdxc6+ Kb5 42. Rc5+ Ka4 43. R8c7 Ra8 44. Rxf7 d4 45. Rfxf5 d3 46. Ra5+ Rxa5 47. Rxa5# 1-0


[Site "https://www.chess.com"]

[Event "Titled Tuesday Blitz December 06 Late 2022"]
[White "Rakhmatullaev, Almas"]
[Black "Poliakova, Varvara"]
[WhiteFideId "14205793"]
[BlackFideId "13518313"]
[WhiteElo "2748"]
[BlackElo "2561"]
[Result "0-1"]
[Round "04"]
[TimeControl "180+1"]
[Date "2022.12.07"]
[WhiteClock "0:00:21"]
[BlackClock "0:00:15"]

1. e4 e5 2. Nf3 Nc6 3. Nc3 Nf6 4. d4 exd4 5. Nxd4 Bb4 6. Nxc6 bxc6 7. Qd4 Qe7 8. Bd2 Bc5 9. Qa4 O-O 10. f3 d5 11. O-O-O dxe4 12. fxe4 Bg4 13. Re1 Bf2 14. Bd3 Bxe1 15. Rxe1 Nd7 16. e5 Be6 17. Qe4 g6 18. Bh6 Rfb8 19. h4 Qb4 20. Qxb4 Rxb4 21. g3 Nc5 22. Bf1 Rab8 23. b3 a5 24. a3 Rg4 25. Bf4 Bf5 26. Be2 Rxf4 27. gxf4 Ne6 28. Rf1 Rd8 29. Bc4 Nd4 30. Rd1 Bxc2 31. Rd2 Bxb3 32. Bd3 Be6 33. Bc2 c5 34. Ne4 Bf5 35. Nf6+ Kg7 36. Bd1 Rb8 37. Rb2 Rxb2 38. Kxb2 Ne6 39. Nd5 c6 40. Ne7 Nxf4 41. Nxc6 Be4 42. Nxa5 h5 43. Nb3 Nd3+ 44. Kc3 Nxe5 45. Nxc5 Bg2 46. a4 g5 47. hxg5 h4 48. Nb3 h3 49. Nd4 Be4 50. Ne2 Bf3 51. Ng1 h2 52. Nxf3 h1=Q 53. Nxe5 Qxd1 54. Nd3 Qxa4 55. Kd2 Qg4 56. Ke3 Qxg5+ 57. Nf4 f5 58. Kf3 Qg4+ 59. Ke3 Kf6 60. Ne2 Qe4+ 61. Kf2 Ke5 62. Ng1 f4 63. Nf3+ Kf5 64. Ne1 Qe3+ 65. Kf1 Ke4 66. Ng2 Qf3+ 67. Kg1 Qxg2+ 68. Kxg2 Ke3 69. Kf1 Kf3 0-1


[Site "https://www.chess.com"]

[Event "Titled Tuesday Blitz December 06 Late 2022"]
[White "Rama, Tejas"]
[Black "Moksh Amit Doshi"]
[WhiteFideId "30907381"]
[BlackFideId "25064967"]
[WhiteElo "2089"]
[BlackElo "2297"]
[Result "0-1"]
[Round "04"]
[TimeControl "180+1"]
[Date "2022.12.07"]
[WhiteClock "0:00:05"]
[BlackClock "0:01:40"]

1. d4 Nf6 2. c4 g6 3. Nf3 Bg7 4. Nc3 d5 5. Qb3 dxc4 6. Qxc4 O-O 7. e4 Nc6 8. Be2 e5 9. d5 Nd4 10. Nxd4 exd4 11. Qxd4 c6 12. Qc4 b5 13. Qxc6 Bd7 14. Qd6 Re8 15. e5 b4 16. Qxb4 Rxe5 17. O-O a5 18. Qb3 Nxd5 19. Bf3 Nxc3 20. Qxc3 Rc8 21. Qd3 Bb5 22. Qxd8+ Rxd8 23. Be3 Bxf1 24. Kxf1 Rb5 25. a4 Rxb2 26. Rc1 Bd4 27. Rd1 Bb6 28. Rxd8+ Bxd8 29. Bc6 Bb6 30. Bxb6 Rxb6 31. Bb5 Re6 32. g3 Kf8 33. Kg2 Ke7 34. Kf3 Kd6 35. Kf4 Kc5 36. h4 f6 37. Kf3 Re5 38. Kf4 Kb4 39. Bd7 Re7 40. Bb5 Rb7 41. Bc6 Rc7 42. Bb5 Rc2 43. h5 Rxf2+ 44. Kg4 Rf5 45. hxg6 hxg6 46. Bd3 Rg5+ 47. Kf4 Kxa4 0-1


[Site "https://www.chess.com"]

[Event "Titled Tuesday Blitz December 06 Late 2022"]
[White "Renjith, Sravan"]
[Black "Maksimovic, Bojan"]
[WhiteFideId "4306783"]
[BlackFideId "14408120"]
[WhiteElo "2557"]
[BlackElo "2747"]
[Result "0-1"]
[Round "04"]
[TimeControl "180+1"]
[Date "2022.12.07"]
[WhiteClock "0:00:03"]
[BlackClock "0:00:17"]

1. Nf3 Nf6 2. d4 d6 3. g3 g6 4. Bg2 Bg7 5. O-O c6 6. a4 a5 7. Nbd2 Bf5 8. Re1 O-O 9. e4 Bg4 10. h3 Bxf3 11. Nxf3 Nfd7 12. e5 dxe5 13. dxe5 Nxe5 14. Qxd8 Nxf3+ 15. Bxf3 Rxd8 16. Rxe7 Nd7 17. Bf4 Bxb2 18. Rb1 Bf6 19. Re4 b6 20. Rc4 Ne5 21. Bxe5 Bxe5 22. Rxb6 Rd2 23. c3 Re8 24. Rbxc6 Bxg3 25. Rc8 Bxf2+ 26. Kf1 Rxc8 27. Rxc8+ Kg7 28. Be2 Be3 29. Ra8 Rc2 30. Rxa5 Rxc3 31. Rd5 Ra3 32. a5 f5 33. a6 h5 34. Rd7+ Kf6 35. h4 Ra4 36. Rd6+ Kg7 37. Rd7+ Kh6 38. Re7 Rf4+ 39. Ke1 Bf2+ 40. Kd1 Rxh4 41. Bd3 Ra4 42. Ke2 Bd4 43. Re6 Kg5 44. Rd6 Ra2+ 45. Kf1 Be3 46. Bc4 Ra1+ 47. Ke2 f4 48. Bd3 Ra2+ 49. Ke1 f3 50. Rxg6+ Kh4 51. Kd1 Rd2+ 52. Ke1 f2+ 53. Kf1 Rd1+ 54. Ke2 f1=Q+ 55. Kxe3 Rxd3+ 0-1


[Site "https://www.chess.com"]

[Event "Titled Tuesday Blitz December 06 Late 2022"]
[White "Riff, Vincent"]
[Black "Corrales Jimenez, Fidel"]
[WhiteFideId "617776"]
[BlackFideId "3506690"]
[WhiteElo "2369"]
[BlackElo "2541"]
[Result "0-1"]
[Round "04"]
[TimeControl "180+1"]
[Date "2022.12.06"]
[WhiteClock "0:00:23"]
[BlackClock "0:00:48"]

1. e4 c5 2. Nc3 Nc6 3. Bb5 Nd4 4. Nf3 e6 5. Bc4 Ne7 6. O-O Nec6 7. Nxd4 cxd4 8. Ne2 Be7 9. d3 d5 10. exd5 exd5 11. Bb3 g5 12. c3 Be6 13. Nxd4 Nxd4 14. cxd4 h5 15. Ba4+ Kf8 16. Re1 h4 17. Qf3 g4 18. Qf4 Bd6 19. Re5 g3 20. fxg3 hxg3 21. Qxg3 Qa5 22. Bf4 Qxa4 23. Rxe6 Qxd4+ 24. Be3 Bxg3 25. Bxd4 Bxh2+ 26. Kf2 Rh4 27. Bc5+ Kg8 28. Re3 Bf4 29. Rf3 Rc8 30. Bxa7 Rc2+ 31. Kg1 Bh2+ 32. Kf1 Bb8 33. Bg1 Rh1 34. Rh3 Rxh3 35. gxh3 Rxb2 36. Bd4 Rh2 37. a4 Rxh3 38. Ke2 Rh4 39. Bf2 Rh2 40. Kf3 Be5 41. Rb1 Rh3+ 42. Ke2 Rh2 43. Kf3 Rh6 44. Rxb7 Ra6 45. Rb5 Rxa4 46. Rxd5 Bf6 47. Rb5 Kg7 48. Rb6 Be5 49. Rb5 f6 50. Rd5 Kg6 51. d4 Bc7 52. Rd7 Bb6 53. d5 Ra3+ 54. Ke4 Bxf2 0-1


[Site "https://www.chess.com"]

[Event "Titled Tuesday Blitz December 06 Late 2022"]
[White "Ronka, Erik"]
[Black "Weisz, Bryan"]
[WhiteFideId "505080"]
[BlackFideId "30934133"]
[WhiteElo "2264"]
[BlackElo "2292"]
[Result "0-1"]
[Round "04"]
[TimeControl "180+1"]
[Date "2022.12.07"]
[WhiteClock "0:00:15"]
[BlackClock "0:00:13"]

1. d4 e6 2. Nf3 Ke7 3. g3 Ke8 4. Bg2 Nf6 5. O-O g6 6. Re1 Bg7 7. e4 d6 8. c4 h6 9. Nc3 Kf8 10. h3 c6 11. Be3 Kg8 12. Qd2 Kh7 13. Rad1 Nbd7 14. e5 dxe5 15. dxe5 Ng8 16. Ne4 Qc7 17. Nd6 Nxe5 18. Ne8 Nxf3+ 19. Bxf3 Qe7 20. Nxg7 Kxg7 21. c5 e5 22. Bd4 f6 23. Be3 Bxh3 24. Qa5 h5 25. Rd6 Nh6 26. Red1 Nf7 27. R6d2 e4 28. Bg2 Bg4 29. Re1 Ne5 30. Bf4 Nf3+ 31. Bxf3 Bxf3 32. Qc3 Rae8 33. Rd6 h4 34. g4 Bxg4 35. Bg5 Rhf8 36. Re3 Qe5 37. Qxe5 Rxe5 38. Bf4 Rxc5 39. Rb3 b6 40. Ra3 a5 41. Rb3 b5 42. Ra3 a4 43. b3 Bf3 44. bxa4 b4 45. Rb3 Rf5 46. Be3 c5 47. Rc6 Rd8 48. Rb1 Rfd5 49. Rc7+ Kg8 50. Kh2 Rd1 51. Rxd1 Rxd1 52. Rc8+ Kf7 53. Rc7+ Ke6 54. Rc6+ Kd7 55. Rxf6 Rh1# 0-1


[Site "https://www.chess.com"]

[Event "Titled Tuesday Blitz December 06 Late 2022"]
[White "Rosen, Eric"]
[Black "Goncalves, Davi Sulzbacher"]
[WhiteFideId "2032562"]
[BlackFideId "2154510"]
[WhiteElo "2678"]
[BlackElo "2497"]
[Result "0-1"]
[Round "04"]
[TimeControl "180+1"]
[Date "2022.12.07"]
[WhiteClock "0:00:01"]
[BlackClock "0:00:14"]

1. d4 Nf6 2. Bf4 e6 3. e3 Bd6 4. Bg3 b6 5. Qf3 Nc6 6. Bxd6 cxd6 7. Qg3 O-O 8. Qxd6 Bb7 9. Nd2 Rc8 10. c3 e5 11. dxe5 Ng4 12. Ngf3 Re8 13. Bc4 Ncxe5 14. Bb3 Rc6 15. Qd4 Rf6 16. Bd5 Ba6 17. h3 Nd3+ 18. Qxd3 Bxd3 19. hxg4 Rd6 20. Bb3 b5 21. g5 a5 22. a4 Qb6 23. Rh4 Rxe3+ 24. fxe3 Qxe3+ 25. Kd1 Be2+ 26. Kc1 Bxf3 27. gxf3 Qxd2+ 28. Kb1 Qe1+ 29. Ka2 Qxh4 30. axb5 a4 31. Bc2 Qc4+ 32. Ka3 Qxb5 33. Bxa4 Qc5+ 34. Kb3 Rb6+ 35. Ka2 Ra6 36. b3 g6 37. c4 Qd4 38. Rb1 Re6 39. Rb2 Re1 40. Bxd7 Qa7+ 41. Ba4 Qc5 0-1


[Site "https://www.chess.com"]

[Event "Titled Tuesday Blitz December 06 Late 2022"]
[White "Rubio Tent, Francisco"]
[Black "Clawitter, Craig"]
[WhiteFideId "2238233"]
[BlackFideId "2023105"]
[WhiteElo "2211"]
[BlackElo "2190"]
[Result "1-0"]
[Round "04"]
[TimeControl "180+1"]
[Date "2022.12.07"]
[WhiteClock "0:00:51"]
[BlackClock "0:00:01"]

1. e4 e6 2. b3 d5 3. Bb2 Nf6 4. e5 Nfd7 5. d4 c5 6. c3 Nc6 7. Nf3 Be7 8. Be2 O-O 9. O-O a5 10. a3 f6 11. c4 cxd4 12. cxd5 Ncxe5 13. Nxd4 Nc5 14. dxe6 Nxe6 15. Nf5 Bc5 16. Qc2 Kh8 17. Rd1 Qb6 18. Bf1 Nf4 19. Ng3 Bg4 20. Rc1 Rac8 21. Nc3 Rfd8 22. Na4 Qa7 23. Nxc5 b6 24. Qe4 Rxc5 25. Qxf4 1-0


[Site "https://www.chess.com"]

[Event "Titled Tuesday Blitz December 06 Late 2022"]
[White "Sailer, Mike"]
[Black "Hernandez Jimenez, Alexander Andres"]
[WhiteFideId "2012901"]
[BlackFideId "3900452"]
[WhiteElo "2109"]
[BlackElo "2098"]
[Result "0-1"]
[Round "04"]
[TimeControl "180+1"]
[Date "2022.12.07"]
[WhiteClock "0:00:02"]
[BlackClock "0:00:31"]

1. Nf3 c5 2. c4 g6 3. g3 b6 4. Bg2 Bb7 5. Nc3 Bg7 6. O-O Nf6 7. d4 cxd4 8. Qxd4 d6 9. Bg5 Nbd7 10. Qd2 O-O 11. Rac1 Rc8 12. Nd5 Bxd5 13. cxd5 Ne4 14. Qe3 Rxc1 15. Qxc1 Nxg5 16. Qxg5 Bxb2 17. h4 Bf6 18. Qd2 h5 19. Rc1 Nc5 20. Nd4 Qd7 21. Nc6 e5 22. dxe6 fxe6 23. Rd1 d5 24. Nd4 Ne4 25. Bxe4 dxe4 26. Qb4 Bxd4 27. Rxd4 Qf7 28. Qe1 e3 29. f3 e5 30. Re4 Qxa2 31. Kg2 Qd2 32. Qf1 b5 33. Rxe5 b4 34. f4 b3 35. Qf3 b2 0-1


[Site "https://www.chess.com"]

[Event "Titled Tuesday Blitz December 06 Late 2022"]
[White "Sanchez, Robert"]
[Black "Floresvillar Gonzalez, Luis Migu"]
[WhiteFideId "2034360"]
[BlackFideId "5100542"]
[WhiteElo "2339"]
[BlackElo "2040"]
[Result "1-0"]
[Round "04"]
[TimeControl "180+1"]
[Date "2022.12.07"]
[WhiteClock "0:00:41"]
[BlackClock "0:00:16"]

1. e4 c6 2. d4 d5 3. e5 Bf5 4. Nf3 e6 5. Be2 c5 6. O-O Nc6 7. c3 Nge7 8. dxc5 Ng6 9. Bb5 Bxc5 10. b4 Be7 11. Re1 O-O 12. h3 Qc7 13. Bxc6 bxc6 14. Nbd2 Bd3 15. Nb3 Bc4 16. Nbd4 c5 17. bxc5 Qxc5 18. a4 Rab8 19. Ba3 Qc7 20. Bxe7 Qxe7 21. Nc6 Qd7 22. Nxb8 Rxb8 23. Qd4 h6 24. h4 a6 25. Nd2 Rc8 26. h5 Ne7 27. Reb1 Nf5 28. Qb6 Bd3 29. Rb3 Bc2 30. Rba3 Rc6 31. Qb8+ Rc8 32. Qb4 Kh7 33. R3a2 Bd3 34. g4 Ne7 35. Qd4 Bc4 36. Rb2 Nc6 37. Qf4 Qc7 38. Nxc4 dxc4 39. Re1 Na5 40. Qe4+ Kg8 41. Rd2 Nb3 42. Rd6 a5 43. Red1 Qc5 44. Rd8+ 1-0


[Site "https://www.chess.com"]

[Event "Titled Tuesday Blitz December 06 Late 2022"]
[White "Santos Flores, Alberto"]
[Black "Fernandez Siles, Luis"]
[WhiteFideId "3601234"]
[BlackFideId "2209420"]
[WhiteElo "2235"]
[BlackElo "2186"]
[Result "1-0"]
[Round "04"]
[TimeControl "180+1"]
[Date "2022.12.07"]
[WhiteClock "0:00:09"]
[BlackClock "0:00:15"]

1. d4 Nf6 2. Nf3 g6 3. Bf4 Bg7 4. e3 O-O 5. Be2 d6 6. h3 c5 7. c3 Be6 8. Nbd2 Nc6 9. O-O Qb6 10. dxc5 Qxc5 11. Nb3 Qb6 12. Nfd4 Bd7 13. Bh2 a5 14. a4 Nxd4 15. exd4 Rfc8 16. Re1 Be6 17. Bb5 Rc7 18. Nd2 Rac8 19. Nf1 Nd5 20. Ne3 Nxe3 21. Rxe3 Bd7 22. Qe2 Bxb5 23. Qxb5 Qxb5 24. axb5 b6 25. Rae1 Bf6 26. Bf4 Kg7 27. g4 h6 28. Kg2 a4 29. Ra1 Ra8 30. Ra3 Ra5 31. b4 Ra8 32. Re1 Rac8 33. Bd2 e5 34. dxe5 Bxe5 35. Rc1 g5 36. Rxa4 Bxc3 37. Bxc3+ Rxc3 38. Rxc3 Rxc3 39. Ra6 Rc4 40. Rxb6 Rxb4 41. Rb8 Rb3 42. b6 Kf6 43. f3 Rb2+ 44. Kg3 Rb4 45. b7 Rb2 46. h4 gxh4+ 47. Kxh4 Rh2+ 48. Kg3 Rb2 49. Kf4 Ke7 50. Ke4 Rb5 51. f4 Kd7 52. Rf8 Rxb7 53. Rxf7+ Kc6 54. Rxb7 Kxb7 55. Kd5 Kc7 56. Ke6 Kc6 57. g5 d5 58. gxh6 d4 59. h7 d3 60. h8=Q 1-0


[Site "https://www.chess.com"]

[Event "Titled Tuesday Blitz December 06 Late 2022"]
[White "Sargsyan, Anna M."]
[Black "Yeritsyan, Hayk"]
[WhiteFideId "13308130"]
[BlackFideId "13307320"]
[WhiteElo "2284"]
[BlackElo "2419"]
[Result "1-0"]
[Round "04"]
[TimeControl "180+1"]
[Date "2022.12.07"]
[WhiteClock "0:00:15"]
[BlackClock "0:00:05"]

1. d4 d5 2. c4 c6 3. cxd5 cxd5 4. Nc3 Nc6 5. Nf3 Nf6 6. Bf4 e6 7. e3 Bd6 8. Bb5 Bxf4 9. exf4 O-O 10. O-O Bd7 11. Bxc6 Bxc6 12. Ne5 Nd7 13. Rc1 Nxe5 14. fxe5 Rc8 15. f4 f5 16. exf6 Qxf6 17. Qd2 Rc7 18. Rce1 Rcf7 19. g3 h6 20. Qe3 a5 21. Rf2 g5 22. Ref1 Qg6 23. fxg5 Rxf2 24. Rxf2 Rxf2 25. Kxf2 hxg5 26. g4 Kf7 27. Kg3 Qf6 28. Ne2 Qh6 29. h3 Qh4+ 30. Kg2 Qe1 31. Qf3+ Kg7 32. Qd3 e5 33. Qe3 exd4 34. Qxg5+ Kh7 35. Qf5+ Kg7 36. Nxd4 Qd2+ 37. Qf2 Qxf2+ 38. Kxf2 Kf6 39. h4 Ke5 40. Nxc6+ bxc6 41. Ke3 c5 42. b3 d4+ 43. Kd3 Kf4 44. h5 Kg5 45. a3 Kh6 46. b4 cxb4 47. axb4 axb4 48. Kxd4 Kg5 49. Kc4 b3 50. Kxb3 Kxg4 51. h6 Kg5 52. h7 1-0


[Site "https://www.chess.com"]

[Event "Titled Tuesday Blitz December 06 Late 2022"]
[White "Savic, Miroslav"]
[Black "Sivakumar, Shaaketh"]
[WhiteFideId "14508494"]
[BlackFideId "30940176"]
[WhiteElo "2209"]
[BlackElo "2174"]
[Result "0-1"]
[Round "04"]
[TimeControl "180+1"]
[Date "2022.12.07"]
[WhiteClock "0:00:01"]
[BlackClock "0:01:28"]

1. Nf3 e6 2. e4 d5 3. Nc3 d4 4. Ne2 Nf6 5. d3 c5 6. g3 Nc6 7. Bg2 Be7 8. O-O O-O 9. a4 e5 10. Nd2 Ne8 11. f4 f6 12. f5 Nd6 13. g4 a6 14. Ng3 Rb8 15. b3 b5 16. Nf3 c4 17. axb5 axb5 18. h4 cxd3 19. cxd3 h6 20. Rf2 Nf7 21. Bf1 Bd7 22. Rg2 Ra8 23. Rxa8 Qxa8 24. g5 fxg5 25. hxg5 Nxg5 26. Nxg5 hxg5 27. Nh5 Qa1 28. Nxg7 Kxg7 29. Qh5 Be8 30. Rxg5+ Bxg5 31. Qxg5+ Kf7 32. Qg6+ Ke7 33. Bg5+ Kd7 34. Qe6+ Kc7 35. Be7 Rf7 36. Qd6+ Kb7 37. f6 Qc1 38. Bd8 Rd7 39. Qf8 Qg5+ 40. Bg2 Rxd8 41. f7 Bd7 42. Qc5 Bh3 43. Qxb5+ Kc7 0-1


[Site "https://www.chess.com"]

[Event "Titled Tuesday Blitz December 06 Late 2022"]
[White "Saya, Ethan"]
[Black "Mahdavi, Reza"]
[WhiteFideId "26095181"]
[BlackFideId "12595926"]
[WhiteElo "2178"]
[BlackElo "2242"]
[Result "0-1"]
[Round "04"]
[TimeControl "180+1"]
[Date "2022.12.07"]
[WhiteClock "0:01:49"]
[BlackClock "0:02:52"]

1. e4 c5 2. Nc3 e6 3. g3 Nc6 4. Bg2 Nf6 5. Nge2 d5 6. exd5 exd5 7. d4 cxd4 8. Nxd4 Bg4 9. f3 Bd7 10. Be3 Be7 11. O-O O-O 12. Bf2 Rc8 13. Re1 Re8 14. a3 Na5 15. Qd3 Nc4 16. Rab1 Bf8 17. Nf5 Ne5 18. Rxe5 Rxe5 19. Nd4 Bc5 20. f4 Re8 21. Nf5 Bxf2+ 22. Kxf2 Ng4+ 23. Kg1 Bxf5 24. Qxf5 Qb6+ 25. Kh1 Nf2+ 26. Kg1 Nh3+ 27. Kh1 Qg1+ 28. Rxg1 Nf2# 0-1


[Site "https://www.chess.com"]

[Event "Titled Tuesday Blitz December 06 Late 2022"]
[White "Seletsky, Grigory"]
[Black "Martinez Reyes, Pedro Ramon"]
[WhiteFideId "14112191"]
[BlackFideId "3901807"]
[WhiteElo "2492"]
[BlackElo "2354"]
[Result "0-1"]
[Round "04"]
[TimeControl "180+1"]
[Date "2022.12.07"]
[WhiteClock "0:01:59"]
[BlackClock "0:01:44"]

1. e4 Nf6 2. d3 d5 3. Nd2 e5 4. Ngf3 Nc6 5. Be2 Bc5 6. O-O a5 7. c3 O-O 8. b3 d4 9. Bb2 dxc3 10. Bxc3 Re8 11. a3 Bg4 12. h3 Bxf3 13. Nxf3 Qe7 14. Bb2 Rad8 15. Qc2 Bd4 16. Nxd4 Nxd4 17. Bxd4 Rxd4 18. Rfc1 c6 19. Qc5 Qc7 20. b4 axb4 21. axb4 Nd7 22. Qc3 Qb6 23. Rcb1 Nf8 24. Qc5 Qxc5 25. bxc5 Rd7 26. Ra7 Ne6 27. Bg4 h5 28. Bxe6 Rxe6 29. Rbxb7 Rxd3 30. Rxf7 Rg6 31. Rf5 Rd1+ 32. Kh2 Rd2 33. Re7 h4 34. Rexe5 Rc2 35. f3 Rcxg2+ 0-1


[Site "https://www.chess.com"]

[Event "Titled Tuesday Blitz December 06 Late 2022"]
[White "Shohat, Yotam"]
[Black "Barria Zuniga, Daniel"]
[WhiteFideId "2813955"]
[BlackFideId "3400816"]
[WhiteElo "2405"]
[BlackElo "2664"]
[Result "1-0"]
[Round "04"]
[TimeControl "180+1"]
[Date "2022.12.07"]
[WhiteClock "0:00:10"]
[BlackClock "0:00:26"]

1. e4 c5 2. Nf3 Nc6 3. Bb5 a6 4. Bxc6 bxc6 5. O-O e6 6. c4 Ne7 7. Nc3 Ng6 8. d3 Be7 9. e5 O-O 10. Be3 Qc7 11. d4 cxd4 12. Qxd4 c5 13. Qg4 Nxe5 14. Nxe5 Qxe5 15. Bf4 Qd4 16. Qg3 Qxc4 17. Rac1 f6 18. Rfd1 Qb4 19. a3 Qb3 20. Nd5 Qxg3 21. Nxe7+ Kf7 22. Bxg3 Rd8 23. Nc6 Re8 24. Na5 e5 25. Rxc5 Ke6 26. Nc4 Rb8 27. Rd6+ Ke7 28. b4 Rb5 29. f4 Rxc5 30. bxc5 e4 31. Rb6 g6 32. f5 gxf5 33. Nd6 Rg8 34. Rb8 Ke6 35. Rxc8 Rxc8 36. Nxc8 Kd5 37. Bd6 e3 38. Kf1 Ke4 39. Ke2 f4 40. Nb6 h5 41. Nxd7 h4 42. h3 f5 43. Nf6+ Kd4 44. Bxf4 Kxc5 45. Kxe3 Kb5 46. Bd6 Ka4 47. Kf4 a5 48. Kxf5 Kb3 49. Kg4 a4 50. Kxh4 Kc4 51. Bb4 Kb3 52. g4 Kc4 53. g5 Kb3 54. g6 Kc4 55. g7 Kb3 56. g8=Q+ Kb2 57. Qg2+ Kb1 58. Qd2 Ka1 59. Bc3+ 1-0


[Site "https://www.chess.com"]

[Event "Titled Tuesday Blitz December 06 Late 2022"]
[White "Slovineanu"]
[Black "Ehlvest, Jaan"]
[BlackFideId "4500016"]
[WhiteElo "2290"]
[BlackElo "2430"]
[Result "0-1"]
[Round "04"]
[TimeControl "180+1"]
[Date "2022.12.07"]
[WhiteClock "0:00:06"]
[BlackClock "0:00:24"]

1. d4 d5 2. Nf3 e6 3. c4 Nf6 4. e3 Nbd7 5. Nc3 a6 6. b3 b6 7. Bd3 Bb7 8. O-O Bd6 9. Bb2 O-O 10. Rc1 Re8 11. Na4 c5 12. dxc5 bxc5 13. Qe2 e5 14. Ng5 h6 15. Nh3 e4 16. Bc2 dxc4 17. Qxc4 Qc7 18. g3 Ne5 19. Bxe5 Rxe5 20. Nf4 g5 21. Ne2 a5 22. Nac3 Ba6 23. Nb5 Qd7 24. a4 Qh3 25. f3 Rf8 26. Rf2 exf3 27. Rxf3 Ng4 28. Bf5 Qxh2+ 29. Kf1 Nxe3+ 30. Rxe3 Rxe3 0-1


[Site "https://www.chess.com"]

[Event "Titled Tuesday Blitz December 06 Late 2022"]
[White "Souleidis, Georgios"]
[Black "Sarana, Alexey"]
[WhiteFideId "4206827"]
[BlackFideId "24133795"]
[WhiteElo "2401"]
[BlackElo "2708"]
[Result "0-1"]
[Round "04"]
[TimeControl "180+1"]
[Date "2022.12.06"]
[WhiteClock "0:00:13"]
[BlackClock "0:00:55"]

1. e4 c5 2. Be2 d6 3. d3 Nc6 4. f4 g6 5. Nf3 Bg7 6. O-O e6 7. c3 Nge7 8. Be3 f5 9. Nbd2 O-O 10. a3 b6 11. Qb3 Qd7 12. Rad1 Kh8 13. Kh1 Bb7 14. Ng5 d5 15. e5 h6 16. Ngf3 d4 17. cxd4 cxd4 18. Bf2 Nd5 19. g3 Ne3 20. Nc4 Nxd1 21. Rxd1 Na5 22. Nxa5 bxa5 23. Kg1 Bd5 24. Qc2 Rfc8 25. Qd2 Qb7 26. Nxd4 Bf8 27. Rc1 Rxc1+ 28. Qxc1 Rc8 29. Qd2 a4 30. Bf1 Bc5 31. h4 h5 32. Qa5 Qxb2 33. Qxa4 Qb6 34. Bg2 Bxg2 35. Kxg2 Rd8 36. Nxe6 Qxe6 37. Bxc5 Qd5+ 0-1


[Site "https://www.chess.com"]